Map: Ancient Cistern LE

Players

bulletsquid

  • Race: Protoss Protoss
  • League: Diamond
  • Spawn Location: 1:00

PiG - Winner!

  • Race: Zerg Zerg
  • League: Master
  • Spawn Location: 7:00

VOD

Have the link to the VOD?

Description

Time

  • Played on: April 11, 2023, 9:37 p.m.
  • Length: 10:55
Show
View Real Time Build Order
Export as new Build Order

bulletsquid Protoss 

Build Orders: 1 Gate Expand, Zealot Archon, Dark Templar Rush 

Get SALT Encoding   

  12  0:00  Probe  
  13  0:12  Probe  
  14  0:18  Pylon  
  14  0:24  Probe  
  15  0:36  Gateway  
  15  0:39  Probe (Chrono Boost)  
  16  0:49  Probe (Chrono Boost), Assimilator  
  17  0:54  Probe (Chrono Boost)  
  18  1:05  Probe  
  19  1:24  Nexus  
  19  1:36  Cybernetics Core  
  19  1:39  Probe  
  20  1:46  Assimilator  
  20  1:51  Pylon  
  20  1:52  Probe  
  21  2:09  Adept (Chrono Boost)  
  21  2:13  Warp Gate  
  23  2:19  Probe  
  24  2:23  Twilight Council  
  24  2:31  Probe  
  24  2:36  Probe  
  28  2:40  Stalker (Chrono Boost)  
  28  2:43  Probe  
  29  2:48  Probe  
  30  3:01  Robotics Facility  
  30  3:09  Probe x2  
  32  3:13  Assimilator  
  32  3:20  Dark Shrine  
  32  3:21  Probe  
  32  3:24  Probe  
  34  3:33  Probe  
  35  3:36  Probe  
  35  3:37  Pylon  
  36  3:45  Probe, Warp Prism (Chrono Boost)  
  38  3:56  Gateway  
  38  3:57  Gateway  
  37  4:04  Gateway  
  37  4:08  Probe x2  
  39  4:20  Probe  
  39  4:48  Pylon  
  38  4:57  Dark Templar  
  38  4:58  Dark Templar x2  
  38  4:59  Dark Templar  
  46  5:05  Nexus  
  46  5:20  Immortal (Chrono Boost)  
  42  5:22  Charge (Chrono Boost)  
  42  5:27  Probe  
  42  5:28  Probe  
  48  5:30  Adept  
  48  5:31  Adept x2  
  54  5:39  Probe  
  54  5:40  Probe  
  56  5:47  Gateway, Archon  
  56  5:49  Forge  
  56  5:51  Pylon  
  56  5:52  Probe x2  
  56  5:56  Immortal  
  62  6:00  Pylon  
  62  6:09  Probe x2  
  62  6:10  Sentry x2  
  68  6:14  Protoss Ground Weapons Level 1  
  68  6:18  Probe  
  69  6:21  Probe x2  
  71  6:30  Probe  
  72  6:34  Probe  
  72  6:35  Probe  
  72  6:38  Immortal  
  78  6:42  Probe  
  78  6:47  Probe x2  
  81  6:52  Photon Cannon  
  81  6:54  Probe  
  81  6:59  Probe  
  77  7:07  Zealot  
  77  7:08  Zealot x3  
  81  7:10  Probe x2  
  81  7:11  Probe  
  84  7:22  Probe  
  85  7:23  Robotics Bay  
  85  7:26  Probe  
  85  7:27  Robotics Facility  
  86  7:36  Nexus  
  86  7:38  Pylon  
  86  7:49  Dark Templar  
  86  7:50  Dark Templar  
  90  7:56  Zealot x3  
  96  8:01  Zealot  
  96  8:02  Zealot x2  
  96  8:03  Archon  
  96  8:11  Probe x3  
  92  8:20  Colossus (Chrono Boost)  
  92  8:23  Probe x2  
  92  8:24  Extended Thermal Lance  
  96  8:40  Nexus  
  96  8:42  Photon Cannon, Shield Battery  
  96  8:46  Zealot x3  
  74  9:16  Zealot x4  
  74  9:17  Zealot  
  78  9:31  Pylon  
  78  9:33  Pylon  
  78  9:49  Probe x2, Colossus  
  86  9:57  Zealot x4  
  94  10:15  Probe  
  94  10:25  Probe  
  94  10:27  Probe  
  50  10:37  Probe  
  50  10:40  Probe  
Show
View Real Time Build Order
Export as new Build Order

PiG Zerg - Winner!

Build Orders: Hatch First 

Get SALT Encoding   

  12  0:01  Drone  
  13  0:12  Overlord  
  13  0:16  Drone  
  14  0:31  Drone x2  
  16  0:37  Drone  
  17  0:46  Drone  
  18  0:57  Drone  
  18  1:00  Hatchery  
  18  1:11  Extractor  
  18  1:15  Spawning Pool  
  16  1:18  Drone  
  16  1:22  Drone  
  18  1:33  Drone  
  19  1:44  Overlord  
  19  1:51  Drone  
  20  2:03  Queen  
  22  2:11  Queen  
  22  2:13  Zergling x4  
  22  2:15  Drone  
  27  2:19  Metabolic Boost  
  27  2:27  Drone x2  
  29  2:41  Drone x2  
  31  2:47  Drone x2  
  33  2:51  Hatchery  
  33  2:54  Queen  
  34  3:07  Overlord  
  34  3:09  Overlord  
  34  3:11  Drone x2  
  36  3:27  Zergling x6  
  38  3:32  Drone x4  
  41  3:42  Drone x2  
  43  3:49  Drone x4  
  47  4:04  Overlord x2  
  47  4:05  Overlord  
  47  4:06  Drone x2  
  49  4:15  Extractor  
  48  4:17  Baneling Nest  
  48  4:18  Drone x4  
  51  4:31  Queen x2  
  51  4:32  Overlord  
  51  4:33  Zergling x14  
  62  4:40  Drone x5  
  67  4:46  Spore Crawler  
  67  4:48  Spore Crawler  
  67  4:50  Lair  
  65  4:55  Spore Crawler  
  65  4:58  Spore Crawler  
  63  5:06  Zergling x16  
  64  5:24  Drone x8  
  72  5:30  Queen  
  74  5:42  Evolution Chamber  
  72  5:43  Evolution Chamber  
  72  5:44  Hatchery  
  72  5:49  Hatchery  
  69  5:51  Zergling x10  
  74  6:01  Drone x6  
  74  6:02  Drone  
  81  6:04  Drone x3  
  81  6:08  Overlord  
  81  6:09  Overlord  
  84  6:18  Queen  
  86  6:24  Zerg Melee Weapons Level 1  
  86  6:25  Zerg Ground Armor Level 1  
  86  6:32  Baneling  
  86  6:33  Baneling x10  
  86  6:44  Zergling x6  
  86  6:45  Zergling x26  
  102  6:47  Centrifugal Hooks  
  97  7:16  Zergling x38  
  116  7:30  Hatchery  
  116  7:31  Hatchery  
  116  7:32  Overlord x3  
  116  7:33  Overlord  
  114  7:38  Baneling x6  
  114  7:42  Extractor x2  
  114  7:43  Drone x3  
  115  7:44  Drone  
  115  7:45  Drone x2  
  115  7:47  Overlord x3  
  117  8:03  Zergling x26  
  133  8:20  Zergling x26  
  130  9:15  Zergling x40  
  130  9:16  Zergling x18  
  141  9:50  Zergling x44  
  163  9:56  Baneling x30  
  163  9:57  Baneling x15  
  163  9:58  Zergling x6  
  124  10:44  Hatchery  
Tags
 
Add a new tag
Caveats
  • Supply blocks, unpowered buildings, or Contaminate may cause inaccurate times.
  • Supply counts are checked every 10 seconds.